Lake Erie Monsters vs Quebec Rempart

Created - 17 avril 2024 at 09:03

Goals
1 2 3 T
Lake Erie Monsters 0 4 0 4
Quebec Rempart 2 3 1 6
Shots
1 2 3 T
Lake Erie Monsters 13 18 12 43
Quebec Rempart 11 15 12 38

GoalsPenalties
1st period
1. Quebec Rempart , Will Cuylle 52 (Helge Grans 35, Justin Brazeau 45) at 5:16
2. Quebec Rempart , Akil Thomas 42 (Justin Brazeau 46, Will Cuylle 58) at 5:56
Akil Thomas (REM) for Fighting (Major) at 6:01
Gabriel Dumont (MST) for Fighting (Major) at 6:01
Dmitry Voronkov (REM) for Fighting (Major) at 15:13
Ethen Frank (MST) for Fighting (Major) at 15:13
Tyler Tucker (MST) for Tripping (Minor) at 15:20
Peetro Seppala (REM) for Cross-checking (Minor) at 18:45
2nd period
3. Lake Erie Monsters , Ethen Frank 78 (Ryan Suzuki 124) at 2:44
4. Quebec Rempart , Xavier Parent 27 (Jansen Harkins 76, Peetro Seppala 34) at 4:10
5. Lake Erie Monsters , Ryan Suzuki 100 (Gabriel Dumont 68, Thomas Harley 11) at 8:27
6. Quebec Rempart , Dmitry Voronkov 28 (Brayden Pachal 72) at 8:43
7. Lake Erie Monsters , Mavrik Bourque 57 (Ethen Frank 82, Daniil Tarasov) at 11:47 (PP)
8. Quebec Rempart , Markus Nurmi 43 (Jansen Harkins 77, Brayden Pachal 73) at 14:40
9. Lake Erie Monsters , Tyler Sikura 28 (Matthew Robertson 41) at 16:24
Justin Brazeau (REM) for Fighting (Major) at 4:45
Joe Hicketts (MST) for Fighting (Major) at 4:45
Kyle Clifford (REM) for Hooking (Minor) at 11:32
Justin Brazeau (REM) for Fighting (Major) at 19:38
Will Bitten (MST) for Fighting (Major) at 19:38
3rd period
10. Quebec Rempart , Dmitry Voronkov 29 (Xavier Parent 31) at 12:01
Akil Thomas (REM) for Fighting (Major) at 14:08
Tyler Tucker (MST) for Fighting (Major) at 14:08
Tyler Tucker (MST) for instigated a fight (Minor) at 14:08
Tyler Tucker (MST) for instigated a fight (10 Minutes Misconduct) at 14:08
Goalie Stats
Daniil Tarasov (MST), 32 saves from 38 shots - (0,842), L, 28-10-1, 60:00 minutes
Arvid Soderblom (REM), 39 saves from 43 shots - (0,907), W, 36-11-2, 60:00 minutes
3 StarsOfficial
1 - Brayden Pachal (REM)
2 - Xavier Parent (REM)
3 - Dmitry Voronkov (REM)
Referees : Marc Joannette and Beaudry Halkidis
Linesman : Jake Davis and Stephen Drain
Game Note
Akil Thomas and Gabriel Dumont fight to a draw at 6:01 of 1st period
Ethen Frank beats up Dmitry Voronkov at 15:13 of 1st period
Justin Brazeau beats up Joe Hicketts at 4:45 of 2nd period
Justin Brazeau and Will Bitten fight to a draw at 19:38 of 2nd period
Tyler Tucker beats up Akil Thomas at 14:08 of 3rd period
Finance
Level 1 -- Attendance: 1708 (85,40%) -- Ticket Income $59,780
Level 2 -- Attendance: 1000 (100,00%) -- Ticket Income $15,000
Total Attendance: 2708 (90,27%)
Total Ticket Income: $74,780
Other Income: $36,642
Total Income: $111,422



Team Name Goals Shots Shots Attemp Shots Blocked PIM HIT PP PK FO%
Lake Erie Monsters 44385939221 / 2 (50%)046%
Quebec Rempart 638761529210 / 2 (0%)154%

Lake Erie Monsters
Player Name POS G A P +/- PIM HIT SHT SB MP PP MP PP SHT PK MP PK SHT FO% FOT GA TA
Blake MurrayC000-3001012:240:2300:0000% 000
Brandon BaddockLW000100006:260:0000:0000% 000
Ethen FrankC1120533119:370:1500:00050% 200
Gabriel DumontC/RW0110524118:390:0300:00075% 412
Henri NikkanenC0001011013:081:1002:02043% 711
Jimmy SchuldtD0001021020:360:3702:1400% 002
Joe HickettsD0001501017:430:0000:4900% 001
Kyle RauC/LW000-3011013:480:5501:4500% 010
Matthew RobertsonD011-3010118:090:0002:0200% 000
Mavrik BourqueC101-1038016:431:1920:00033% 1500
Oskar SteenC000-3015212:530:0001:06043% 710
Ronan SeeleyD000-3011013:020:0000:0000% 001
Ryan SuzukiC1120025021:580:5500:51050% 3820
Thomas HarleyD011-1012026:511:3702:5100% 011
Turner ElsonLW000-1011017:280:0002:0400% 012
Tyler SikuraC/LW101100117:400:5500:0800% 000
Tyler TuckerD000-11922223:001:3700:0000% 011
Will BittenC/RW000-1516115:511:2400:0000% 122
Quebec Rempart
Player Name POS G A P +/- PIM HIT SHT SB MP PP MP PP SHT PK MP PK SHT FO% FOT GA TA
Akil ThomasC/RW10101012012:440:1100:00053% 1700
Alexey ToropchenkoRW0002013221:122:1100:00067% 310
Andrew PerrottD0000000010:580:0000:0000% 001
Brad LambertC/RW000-100107:160:0000:0000% 000
Brayden PachalD0222040129:071:5701:1300% 001
Dmitry VoronkovC/LW2022536221:151:1200:47048% 3121
Helge GransD0112011329:071:5701:1300% 001
Jansen HarkinsC/LW0222014118:091:4401:07050% 620
Justin BrazeauRW02211012013:251:3900:000100% 212
Kyle CliffordLW000-2214011:290:4700:2900% 110
Markus NurmiLW/RW1012002111:590:0200:0000% 011
Martin PospisilC000-102307:160:0000:00033% 300
Mikhail MaltsevC/LW0002032021:041:3900:330100% 232
Montana OnyebuchiD0000000011:440:0000:4600% 000
Peetro SeppalaD0111211219:442:0100:1500% 011
Simon JohanssonD0001010119:552:0101:0100% 000
Will CuylleLW1120015219:292:1801:4500% 011
Xavier ParentC/LW1122002011:590:1100:00067% 900

Lake Erie Monsters

5 vs 5 Forward
Line #Left WingCenterRight WingPHYDFOFWanted %Time %Time Play
1Ethen FrankRyan SuzukiGabriel Dumont1134039%20:50
2Turner ElsonMavrik BourqueWill Bitten1133029%15:25
3Kyle RauOskar SteenBlake Murray1222021%11:07
4Tyler SikuraHenri NikkanenBrandon Baddock2211012%6:26
5 vs 5 Defense
Line #DefenseDefensePHYDFOFWanted %Time %Time Play
1Thomas HarleyTyler Tucker1224040%21:29
2Jimmy SchuldtJoe Hicketts1223430%16:20
3Matthew RobertsonRonan Seeley1222624%12:43
4Joe HickettsTyler Tucker12206%3:16
Power Play Forward
Line #Left WingCenterRight WingPHYDFOFWanted %Time %Time Play
1Ethen FrankMavrik BourqueWill Bitten1046059%1:19
2Kyle RauRyan SuzukiTyler Sikura1044041%0:55
Power Play Defense
Line #DefenseDefensePHYDFOFWanted %Time %Time Play
1Thomas HarleyTyler Tucker0146072%1:37
2Jimmy SchuldtWill Bitten0144028%0:37
Penalty Kill 4 Players Forward
Line #CenterWingPHYDFOFWanted %Time %Time Play
1Henri NikkanenTurner Elson1316079%3:07
2Ryan SuzukiKyle Rau1314021%0:51
Penalty Kill 4 Players Defense
Line #DefenseDefensePHYDFOFWanted %Time %Time Play
1Thomas HarleyTyler Tucker14060100%3:58
2Jimmy SchuldtMatthew Robertson140400%0:00
Penalty Kill 3 Players
Line #WingPHYDFOFWanted %Time %Time PlayDefenseDefensePHYDFOFWanted %Time %Time Play
1Oskar Steen140600%0:00 Joe HickettsMatthew Robertson140600%0:00
2Turner Elson140400%0:00 Jimmy SchuldtTyler Tucker140400%0:00
4 vs 4 Forward
Line #CenterWingPHYDFOFWanted %Time %Time Play
1Mavrik BourqueTurner Elson122600%0:00
2Ryan SuzukiMavrik Bourque122400%0:00
4 vs 4 Defense
Line #DefensePHYDFOFWanted %Time %Time Play
1Thomas HarleyTyler Tucker122600%0:00
2Matthew RobertsonJoe Hicketts122400%0:00
Last Minutes Offensive
Left WingCenterRight WingDefenseDefense
Ryan SuzukiEthen FrankMavrik BourqueThomas HarleyWill Bitten
Last Minutes Defensive
Left WingCenterRight WingDefenseDefense
Turner ElsonRyan SuzukiWill BittenThomas HarleyTyler Tucker
Time
Total ForwardTotal DefenseLast Minutes OffensiveLast Minutes Defensive
60:00 60:00 0:000:00
Extra Forwards
Normal PowerPlayPenalty Kill
Henri Nikkanen, Blake Murray, Oskar SteenHenri Nikkanen, Blake MurrayOskar Steen
Extra Defensemen
Normal PowerPlayPenalty Kill
Joe Hicketts, Matthew Robertson, Thomas HarleyJoe Hicketts, Matthew RobertsonJimmy Schuldt
Penalty Shots
Ethen Frank, Turner Elson, Ryan Suzuki, Mavrik Bourque, Oskar Steen
Goalie
Daniil Tarasov, Rejean Lemelin
Scratches
Eduards Tralmaks (Healthy), Zackary Hayes (Healthy), Mitchell Vande Sompel (Healthy), Marshall Rifai (Healthy), Matthew Rempe (Healthy) Danila Zhuravlyov (Healthy)

Quebec Rempart

5 vs 5 Forward
Line #Left WingCenterRight WingPHYDFOFWanted %Time %Time Play
1Mikhail MaltsevDmitry VoronkovAlexey Toropchenko0234038%20:11
2Will CuylleAkil ThomasJustin Brazeau0233028%14:53
3Jansen HarkinsXavier ParentMarkus Nurmi1222021%11:28
4Kyle CliffordMartin PospisilBrad Lambert1221014%7:16
5 vs 5 Defense
Line #DefenseDefensePHYDFOFWanted %Time %Time Play
1Brayden PachalHelge Grans1224040%21:32
2Peetro SeppalaSimon Johansson1223031%16:53
3Montana OnyebuchiAndrew Perrott1222020%10:58
4Brayden PachalHelge Grans122108%4:25
Power Play Forward
Line #Left WingCenterRight WingPHYDFOFWanted %Time %Time Play
1Will CuylleDmitry VoronkovAlexey Toropchenko1226069%2:44
2Mikhail MaltsevJansen HarkinsJustin Brazeau1224031%1:14
Power Play Defense
Line #DefenseDefensePHYDFOFWanted %Time %Time Play
1Brayden PachalHelge Grans1226049%1:57
2Peetro SeppalaSimon Johansson1224051%2:01
Penalty Kill 4 Players Forward
Line #CenterWingPHYDFOFWanted %Time %Time Play
1Dmitry VoronkovWill Cuylle12260100%2:14
2Jansen HarkinsMikhail Maltsev122400%0:00
Penalty Kill 4 Players Defense
Line #DefenseDefensePHYDFOFWanted %Time %Time Play
1Brayden PachalHelge Grans1226054%1:13
2Peetro SeppalaSimon Johansson1224046%1:01
Penalty Kill 3 Players
Line #WingPHYDFOFWanted %Time %Time PlayDefenseDefensePHYDFOFWanted %Time %Time Play
1Dmitry Voronkov122600%0:00 Brayden PachalHelge Grans122600%0:00
2Jansen Harkins122400%0:00 Peetro SeppalaSimon Johansson122400%0:00
4 vs 4 Forward
Line #CenterWingPHYDFOFWanted %Time %Time Play
1Dmitry VoronkovWill Cuylle122600%0:00
2Jansen HarkinsMikhail Maltsev122400%0:00
4 vs 4 Defense
Line #DefensePHYDFOFWanted %Time %Time Play
1Brayden PachalHelge Grans122600%0:00
2Peetro SeppalaSimon Johansson122400%0:00
Last Minutes Offensive
Left WingCenterRight WingDefenseDefense
Will CuylleDmitry VoronkovAlexey ToropchenkoBrayden PachalHelge Grans
Last Minutes Defensive
Left WingCenterRight WingDefenseDefense
Will CuylleDmitry VoronkovAlexey ToropchenkoBrayden PachalHelge Grans
Time
Total ForwardTotal DefenseLast Minutes OffensiveLast Minutes Defensive
60:00 60:00 0:000:00
Extra Forwards
Normal PowerPlayPenalty Kill
Jansen Harkins, Kyle Clifford, Justin BrazeauJansen Harkins, Kyle CliffordJansen Harkins
Extra Defensemen
Normal PowerPlayPenalty Kill
Simon Johansson, Montana Onyebuchi, Andrew PerrottSimon Johansson, Simon JohanssonMontana Onyebuchi
Penalty Shots
Dmitry Voronkov, Alexey Toropchenko, Will Cuylle, Mikhail Maltsev, Jansen Harkins
Goalie
Arvid Soderblom, Remi Poirier
Scratches
Matej Pekar (Healthy), Alexander Pashin (Healthy)


Play-by-Play

1st period


0:01 of 1st period - Ryan Suzuki wins face-off versus Dmitry Voronkov in neutral zone.
0:04 of 1st period - Wrist shot by Ethen Frank.
0:04 of 1st period - Shot Blocked by Alexey Toropchenko.
0:06 of 1st period - Snap shot by Gabriel Dumont.
0:06 of 1st period - Deflect By Dmitry Voronkov.
0:06 of 1st period - Shot Misses the Net.
0:06 of 1st period - Puck is out of play.
0:07 of 1st period - Gabriel Dumont wins face-off versus Dmitry Voronkov in Quebec Rempart zone.
0:10 of 1st period - Wrist shot by Ethen Frank.
0:10 of 1st period - Shot Blocked by Brayden Pachal.
0:12 of 1st period - Wrist shot by Tyler Tucker.
0:12 of 1st period - Stopped by Arvid Soderblom with a rebound.
0:14 of 1st period - Snap shot by Tyler Tucker.
0:14 of 1st period - Shot Misses the Net.
0:16 of 1st period - Slapshot by Gabriel Dumont.
0:16 of 1st period - Stopped by Arvid Soderblom with a rebound.
1:35 of 1st period - Simon Johansson is hit by Ronan Seeley and loses puck.
2:10 of 1st period - Wrist shot by Kyle Clifford.
2:10 of 1st period - Shot Misses the Net.
2:12 of 1st period - Snap shot by Kyle Clifford.
2:12 of 1st period - Stopped by Daniil Tarasov with a rebound.
2:28 of 1st period - Wrist shot by Kyle Clifford.
2:28 of 1st period - Stopped by Daniil Tarasov without a rebound.
2:29 of 1st period - Dmitry Voronkov wins face-off versus Mavrik Bourque in Lake Erie Monsters zone.
3:00 of 1st period - Off-side.
3:01 of 1st period - Mavrik Bourque wins face-off versus Akil Thomas in neutral zone.
3:20 of 1st period - Snap shot by Will Cuylle.
3:20 of 1st period - Deflect By Justin Brazeau.
3:20 of 1st period - Shot Misses the Net.
3:20 of 1st period - Puck is out of play.
3:21 of 1st period - Dmitry Voronkov wins face-off versus Oskar Steen in Lake Erie Monsters zone.
3:22 of 1st period - Snap shot by Alexey Toropchenko.
3:22 of 1st period - Shot Misses the Net.
3:33 of 1st period - Off-side.
3:34 of 1st period - Dmitry Voronkov wins face-off versus Henri Nikkanen in neutral zone.
4:01 of 1st period - Icing by Dmitry Voronkov.
4:02 of 1st period - Dmitry Voronkov wins face-off versus Mavrik Bourque in Quebec Rempart zone.
4:36 of 1st period - Snap shot by Dmitry Voronkov.
4:36 of 1st period - Shot Blocked by Tyler Tucker.
4:38 of 1st period - Wrist shot by Alexey Toropchenko.
4:38 of 1st period - Stopped by Daniil Tarasov without a rebound.
4:39 of 1st period - Xavier Parent wins face-off versus Ryan Suzuki in Lake Erie Monsters zone.
4:48 of 1st period - Snap shot by Jansen Harkins.
4:48 of 1st period - Shot Misses the Net.
4:55 of 1st period - Off-side.
4:56 of 1st period - Oskar Steen wins face-off versus Akil Thomas in neutral zone.
5:03 of 1st period - Snap shot by Oskar Steen.
5:03 of 1st period - Stopped by Arvid Soderblom without a rebound.
5:04 of 1st period - Akil Thomas wins face-off versus Oskar Steen in Quebec Rempart zone.
5:04 of 1st period - Akil Thomas is hit by Kyle Rau.
5:10 of 1st period - Wrist shot by Akil Thomas.
5:10 of 1st period - Stopped by Daniil Tarasov with a rebound.
5:12 of 1st period - Slapshot by Brayden Pachal.
5:12 of 1st period - Shot Blocked by Oskar Steen.
5:14 of 1st period - Snap shot by Justin Brazeau.
5:14 of 1st period - Shot Misses the Net.
5:16 of 1st period - Slapshot by Helge Grans.
5:16 of 1st period - Deflect By Will Cuylle.
5:16 of 1st period - Goal by Will Cuylle - Lake Erie Monsters : 0 - Quebec Rempart : 1.
5:17 of 1st period - Xavier Parent wins face-off versus Ryan Suzuki in neutral zone.
5:33 of 1st period - Snap shot by Ryan Suzuki.
5:33 of 1st period - Stopped by Arvid Soderblom with a rebound.
5:56 of 1st period - Snap shot by Justin Brazeau.
5:56 of 1st period - Deflect By Akil Thomas.
5:56 of 1st period - Goal by Akil Thomas - Lake Erie Monsters : 0 - Quebec Rempart : 2.
5:57 of 1st period - Ryan Suzuki wins face-off versus Akil Thomas in neutral zone.
6:01 of 1st period - Akil Thomas and Gabriel Dumont fight to a draw.
6:01 of 1st period - Penalty to Akil Thomas for Fighting.
6:01 of 1st period - Penalty to Gabriel Dumont for Fighting.
6:02 of 1st period - Dmitry Voronkov wins face-off versus Ryan Suzuki in Quebec Rempart zone.
6:29 of 1st period - Jimmy Schuldt is hit by Jansen Harkins.
6:39 of 1st period - Slapshot by Mavrik Bourque.
6:39 of 1st period - Shot Blocked by Will Cuylle.
6:55 of 1st period - Kyle Clifford is hit by Thomas Harley and loses puck.
7:00 of 1st period - Snap shot by Kyle Rau.
7:00 of 1st period - Shot Misses the Net.
7:02 of 1st period - Slapshot by Oskar Steen.
7:02 of 1st period - Shot Misses the Net.
7:04 of 1st period - Snap shot by Blake Murray.
7:04 of 1st period - Stopped by Arvid Soderblom without a rebound.
7:05 of 1st period - Xavier Parent wins face-off versus Ryan Suzuki in Quebec Rempart zone.
7:47 of 1st period - Icing by Dmitry Voronkov.
7:48 of 1st period - Justin Brazeau wins face-off versus Oskar Steen in Quebec Rempart zone.
8:23 of 1st period - Snap shot by Dmitry Voronkov.
8:23 of 1st period - Stopped by Daniil Tarasov with a rebound.
8:39 of 1st period - Will Bitten is hit by Martin Pospisil and loses puck.
9:33 of 1st period - Alexey Toropchenko is hit by Ethen Frank.
9:37 of 1st period - Ryan Suzuki is hit by Dmitry Voronkov and loses puck.
9:52 of 1st period - Thomas Harley is hit by Justin Brazeau.
10:02 of 1st period - Snap shot by Kyle Clifford.
10:02 of 1st period - Shot Misses the Net.
10:04 of 1st period - Slapshot by Brayden Pachal.
10:04 of 1st period - Shot Blocked by Will Bitten.
10:06 of 1st period - Wrist shot by Martin Pospisil.
10:06 of 1st period - Shot Misses the Net.
10:20 of 1st period - Wrist shot by Oskar Steen.
10:20 of 1st period - Stopped by Arvid Soderblom with a rebound.
10:22 of 1st period - Wrist shot by Oskar Steen.
10:22 of 1st period - Stopped by Arvid Soderblom with a rebound.
10:24 of 1st period - Snap shot by Oskar Steen.
10:24 of 1st period - Shot Misses the Net.
11:59 of 1st period - Snap shot by Martin Pospisil.
11:59 of 1st period - Stopped by Daniil Tarasov with a rebound.
12:09 of 1st period - Simon Johansson is hit by Mavrik Bourque and loses puck.
12:25 of 1st period - Off-side.
12:26 of 1st period - Ryan Suzuki wins face-off versus Akil Thomas in neutral zone.
12:30 of 1st period - Wrist shot by Ethen Frank.
12:30 of 1st period - Shot Misses the Net.
12:32 of 1st period - Slapshot by Ethen Frank.
12:32 of 1st period - Stopped by Arvid Soderblom with a rebound.
12:34 of 1st period - Slapshot by Ryan Suzuki.
12:34 of 1st period - Stopped by Arvid Soderblom without a rebound.
12:35 of 1st period - Alexey Toropchenko wins face-off versus Ryan Suzuki in Quebec Rempart zone.
12:35 of 1st period - Alexey Toropchenko is hit by Gabriel Dumont.
12:45 of 1st period - Wrist shot by Dmitry Voronkov.
12:45 of 1st period - Shot Misses the Net.
12:47 of 1st period - Snap shot by Dmitry Voronkov.
12:47 of 1st period - Shot Misses the Net.
12:51 of 1st period - Slapshot by Dmitry Voronkov.
12:51 of 1st period - Deflect By Alexey Toropchenko.
12:51 of 1st period - Stopped by Daniil Tarasov with a rebound.
13:05 of 1st period - Off-side.
13:06 of 1st period - Mavrik Bourque wins face-off versus Akil Thomas in neutral zone.
13:27 of 1st period - Snap shot by Will Bitten.
13:27 of 1st period - Stopped by Arvid Soderblom without a rebound.
13:28 of 1st period - Ryan Suzuki wins face-off versus Dmitry Voronkov in Quebec Rempart zone.
13:50 of 1st period - Icing by Thomas Harley.
13:51 of 1st period - Ryan Suzuki wins face-off versus Xavier Parent in Lake Erie Monsters zone.
14:02 of 1st period - Wrist shot by Tyler Sikura.
14:02 of 1st period - Shot Misses the Net.
14:04 of 1st period - Snap shot by Thomas Harley.
14:04 of 1st period - Stopped by Arvid Soderblom with a rebound.
14:06 of 1st period - Slapshot by Henri Nikkanen.
14:06 of 1st period - Shot Misses the Net.
14:27 of 1st period - Slapshot by Jansen Harkins.
14:27 of 1st period - Shot Hit the Post.
14:55 of 1st period - Off-side.
14:56 of 1st period - Mavrik Bourque wins face-off versus Dmitry Voronkov in neutral zone.
14:59 of 1st period - Wrist shot by Mavrik Bourque.
14:59 of 1st period - Shot Blocked by Alexey Toropchenko.
15:02 of 1st period - Icing by Alexey Toropchenko.
15:03 of 1st period - Dmitry Voronkov wins face-off versus Gabriel Dumont in Quebec Rempart zone.
15:13 of 1st period - Ethen Frank beats up Dmitry Voronkov.
15:13 of 1st period - Penalty to Dmitry Voronkov for Fighting.
15:13 of 1st period - Penalty to Ethen Frank for Fighting.
15:14 of 1st period - Gabriel Dumont wins face-off versus Jansen Harkins in Quebec Rempart zone.
15:20 of 1st period - Minor Penalty to Tyler Tucker for Tripping.
15:21 of 1st period - Jansen Harkins wins face-off versus Henri Nikkanen in Lake Erie Monsters zone.
16:24 of 1st period - Oskar Steen is hit by Mikhail Maltsev and loses puck.
17:20 of 1st period - Penalty to Tyler Tucker is over, Tyler Tucker is back on ice.
17:30 of 1st period - Snap shot by Markus Nurmi.
17:30 of 1st period - Deflect By Akil Thomas.
17:30 of 1st period - Shot Misses the Net.
17:30 of 1st period - Puck is out of play.
17:31 of 1st period - Martin Pospisil wins face-off versus Ryan Suzuki in Lake Erie Monsters zone.
17:34 of 1st period - Snap shot by Martin Pospisil.
17:34 of 1st period - Stopped by Daniil Tarasov without a rebound.
17:35 of 1st period - Ryan Suzuki wins face-off versus Martin Pospisil in Lake Erie Monsters zone.
18:00 of 1st period - Slapshot by Mavrik Bourque.
18:00 of 1st period - Shot Misses the Net.
18:06 of 1st period - Wrist shot by Mavrik Bourque.
18:06 of 1st period - Deflect By Turner Elson.
18:06 of 1st period - Stopped by Arvid Soderblom without a rebound.
18:07 of 1st period - Akil Thomas wins face-off versus Mavrik Bourque in Quebec Rempart zone.
18:37 of 1st period - Snap shot by Mikhail Maltsev.
18:37 of 1st period - Shot Hit the Post.
18:39 of 1st period - Wrist shot by Mikhail Maltsev.
18:39 of 1st period - Stopped by Daniil Tarasov without a rebound.
18:40 of 1st period - Ryan Suzuki wins face-off versus Alexey Toropchenko in Lake Erie Monsters zone.
18:40 of 1st period - Ryan Suzuki is hit by Mikhail Maltsev.
18:45 of 1st period - Minor Penalty to Peetro Seppala for Cross-checking.
18:46 of 1st period - Jansen Harkins wins face-off versus Mavrik Bourque in Quebec Rempart zone.
18:56 of 1st period - Wrist shot by Mavrik Bourque.
18:56 of 1st period - Stopped by Arvid Soderblom with a rebound.
19:12 of 1st period - Jansen Harkins is hit by Tyler Tucker and loses puck.
19:49 of 1st period - Kyle Clifford is hit by Will Bitten and loses puck.
Goals for this period are 0 for Lake Erie Monsters vs 2 for Quebec Rempart.
Shots for this period are 13 for Lake Erie Monsters vs 11 for Quebec Rempart.

2nd period


0:01 of 2nd period - Mavrik Bourque wins face-off versus Jansen Harkins in neutral zone.
0:13 of 2nd period - Penalty to Dmitry Voronkov is over, Dmitry Voronkov is back on ice.
0:25 of 2nd period - Icing by Tyler Tucker.
0:26 of 2nd period - Dmitry Voronkov wins face-off versus Ryan Suzuki in Lake Erie Monsters zone.
0:45 of 2nd period - Penalty to Peetro Seppala is over, Peetro Seppala is back on ice.
1:34 of 2nd period - Snap shot by Jansen Harkins.
1:34 of 2nd period - Stopped by Daniil Tarasov with a rebound.
1:36 of 2nd period - Slapshot by Helge Grans.
1:36 of 2nd period - Stopped by Daniil Tarasov with a rebound.
1:43 of 2nd period - Icing by Ronan Seeley.
1:44 of 2nd period - Henri Nikkanen wins face-off versus Kyle Clifford in Lake Erie Monsters zone.
1:44 of 2nd period - Henri Nikkanen is hit by Kyle Clifford.
1:50 of 2nd period - Henri Nikkanen is hit by Martin Pospisil and loses puck.
2:38 of 2nd period - Snap shot by Gabriel Dumont.
2:38 of 2nd period - Shot Misses the Net.
2:40 of 2nd period - Wrist shot by Gabriel Dumont.
2:40 of 2nd period - Stopped by Arvid Soderblom without a rebound.
2:41 of 2nd period - Ryan Suzuki wins face-off versus Akil Thomas in Quebec Rempart zone.
2:44 of 2nd period - Slapshot by Ethen Frank.
2:44 of 2nd period - Goal by Ethen Frank - Lake Erie Monsters : 1 - Quebec Rempart : 2.
2:45 of 2nd period - Dmitry Voronkov wins face-off versus Ryan Suzuki in neutral zone.
2:52 of 2nd period - Slapshot by Mikhail Maltsev.
2:52 of 2nd period - Shot Misses the Net.
3:00 of 2nd period - Snap shot by Ethen Frank.
3:00 of 2nd period - Deflect By Brayden Pachal.
3:00 of 2nd period - Shot Blocked by Dmitry Voronkov.
3:00 of 2nd period - Puck is out of play.
3:01 of 2nd period - Justin Brazeau wins face-off versus Mavrik Bourque in Quebec Rempart zone.
3:13 of 2nd period - Snap shot by Will Bitten.
3:13 of 2nd period - Stopped by Arvid Soderblom with a rebound.
3:15 of 2nd period - Snap shot by Mavrik Bourque.
3:15 of 2nd period - Stopped by Arvid Soderblom without a rebound.
3:16 of 2nd period - Ryan Suzuki wins face-off versus Dmitry Voronkov in Quebec Rempart zone.
3:54 of 2nd period - Wrist shot by Mavrik Bourque.
3:54 of 2nd period - Stopped by Arvid Soderblom with a rebound.
3:56 of 2nd period - Slapshot by Jimmy Schuldt.
3:56 of 2nd period - Deflect By Will Bitten.
3:56 of 2nd period - Stopped by Arvid Soderblom without a rebound.
3:57 of 2nd period - Oskar Steen wins face-off versus Xavier Parent in Quebec Rempart zone.
3:58 of 2nd period - Snap shot by Kyle Rau.
3:58 of 2nd period - Shot Blocked by Peetro Seppala.
4:04 of 2nd period - Snap shot by Xavier Parent.
4:04 of 2nd period - Stopped by Daniil Tarasov with a rebound.
4:06 of 2nd period - Slapshot by Peetro Seppala.
4:06 of 2nd period - Stopped by Daniil Tarasov with a rebound.
4:08 of 2nd period - Wrist shot by Jansen Harkins.
4:08 of 2nd period - Shot Misses the Net.
4:10 of 2nd period - Wrist shot by Xavier Parent.
4:10 of 2nd period - Goal by Xavier Parent - Lake Erie Monsters : 1 - Quebec Rempart : 3.
4:11 of 2nd period - Dmitry Voronkov wins face-off versus Ryan Suzuki in neutral zone.
4:13 of 2nd period - Brayden Pachal is hit by Gabriel Dumont and loses puck.
4:38 of 2nd period - Snap shot by Will Bitten.
4:38 of 2nd period - Shot Blocked by Helge Grans.
4:44 of 2nd period - Snap shot by Will Cuylle.
4:44 of 2nd period - Stopped by Daniil Tarasov without a rebound.
4:45 of 2nd period - Akil Thomas wins face-off versus Ryan Suzuki in Lake Erie Monsters zone.
4:45 of 2nd period - Justin Brazeau beats up Joe Hicketts.
4:45 of 2nd period - Penalty to Justin Brazeau for Fighting.
4:45 of 2nd period - Penalty to Joe Hicketts for Fighting.
4:46 of 2nd period - Dmitry Voronkov wins face-off versus Ryan Suzuki in Lake Erie Monsters zone.
5:11 of 2nd period - Simon Johansson is hit by Turner Elson and loses puck.
5:36 of 2nd period - Brayden Pachal is hit by Oskar Steen.
5:55 of 2nd period - Slapshot by Jimmy Schuldt.
5:55 of 2nd period - Shot Blocked by Helge Grans.
6:46 of 2nd period - Snap shot by Mikhail Maltsev.
6:46 of 2nd period - Shot Blocked by Matthew Robertson.
7:06 of 2nd period - Kyle Clifford is hit by Matthew Robertson and loses puck.
8:11 of 2nd period - Snap shot by Dmitry Voronkov.
8:11 of 2nd period - Stopped by Daniil Tarasov with a rebound.
8:13 of 2nd period - Snap shot by Alexey Toropchenko.
8:13 of 2nd period - Shot Misses the Net.
8:25 of 2nd period - Snap shot by Gabriel Dumont.
8:25 of 2nd period - Shot Misses the Net.
8:27 of 2nd period - Snap shot by Ryan Suzuki.
8:27 of 2nd period - Goal by Ryan Suzuki - Lake Erie Monsters : 2 - Quebec Rempart : 3.
8:28 of 2nd period - Ryan Suzuki wins face-off versus Dmitry Voronkov in neutral zone.
8:33 of 2nd period - Wrist shot by Gabriel Dumont.
8:33 of 2nd period - Stopped by Arvid Soderblom without a rebound.
8:34 of 2nd period - Ryan Suzuki wins face-off versus Dmitry Voronkov in Quebec Rempart zone.
8:43 of 2nd period - Wrist shot by Dmitry Voronkov.
8:43 of 2nd period - Goal by Dmitry Voronkov - Lake Erie Monsters : 2 - Quebec Rempart : 4.
8:44 of 2nd period - Ethen Frank wins face-off versus Akil Thomas in neutral zone.
8:49 of 2nd period - Slapshot by Tyler Tucker.
8:49 of 2nd period - Shot Blocked by Helge Grans.
9:16 of 2nd period - Wrist shot by Dmitry Voronkov.
9:16 of 2nd period - Stopped by Daniil Tarasov with a rebound.
9:18 of 2nd period - Wrist shot by Alexey Toropchenko.
9:18 of 2nd period - Shot Misses the Net.
9:28 of 2nd period - Slapshot by Jansen Harkins.
9:28 of 2nd period - Shot Blocked by Tyler Tucker.
9:30 of 2nd period - Slapshot by Peetro Seppala.
9:30 of 2nd period - Shot Misses the Net.
9:32 of 2nd period - Slapshot by Jansen Harkins.
9:32 of 2nd period - Stopped by Daniil Tarasov with a rebound.
9:34 of 2nd period - Snap shot by Xavier Parent.
9:34 of 2nd period - Shot Misses the Net.
9:54 of 2nd period - Wrist shot by Will Cuylle.
9:54 of 2nd period - Shot Misses the Net.
10:26 of 2nd period - Snap shot by Jansen Harkins.
10:26 of 2nd period - Shot Misses the Net.
11:07 of 2nd period - Snap shot by Dmitry Voronkov.
11:07 of 2nd period - Shot Blocked by Gabriel Dumont.
11:09 of 2nd period - Snap shot by Alexey Toropchenko.
11:09 of 2nd period - Stopped by Daniil Tarasov with a rebound.
11:11 of 2nd period - Wrist shot by Mikhail Maltsev.
11:11 of 2nd period - Stopped by Daniil Tarasov with a rebound.
11:32 of 2nd period - Minor Penalty to Kyle Clifford for Hooking.
11:33 of 2nd period - Dmitry Voronkov wins face-off versus Mavrik Bourque in Quebec Rempart zone.
11:47 of 2nd period - Snap shot by Mavrik Bourque.
11:47 of 2nd period - Goal by Mavrik Bourque - Lake Erie Monsters : 3 - Quebec Rempart : 4.
11:48 of 2nd period - Gabriel Dumont wins face-off versus Dmitry Voronkov in neutral zone.
12:01 of 2nd period - Snap shot by Mikhail Maltsev.
12:01 of 2nd period - Shot Misses the Net.
12:03 of 2nd period - Wrist shot by Dmitry Voronkov.
12:03 of 2nd period - Shot Misses the Net.
12:18 of 2nd period - Tyler Tucker is hit by Brayden Pachal and loses puck.
13:39 of 2nd period - Slapshot by Kyle Rau.
13:39 of 2nd period - Shot Misses the Net.
13:41 of 2nd period - Snap shot by Ronan Seeley.
13:41 of 2nd period - Stopped by Arvid Soderblom with a rebound.
13:43 of 2nd period - Wrist shot by Kyle Rau.
13:43 of 2nd period - Shot Misses the Net.
13:45 of 2nd period - Snap shot by Oskar Steen.
13:45 of 2nd period - Shot Misses the Net.
13:47 of 2nd period - Snap shot by Kyle Rau.
13:47 of 2nd period - Shot Misses the Net.
13:49 of 2nd period - Snap shot by Oskar Steen.
13:49 of 2nd period - Shot Blocked by Simon Johansson.
14:03 of 2nd period - Wrist shot by Mavrik Bourque.
14:03 of 2nd period - Stopped by Arvid Soderblom without a rebound.
14:04 of 2nd period - Akil Thomas wins face-off versus Will Bitten in Quebec Rempart zone.
14:40 of 2nd period - Wrist shot by Jansen Harkins.
14:40 of 2nd period - Deflect By Markus Nurmi.
14:40 of 2nd period - Goal by Markus Nurmi - Lake Erie Monsters : 3 - Quebec Rempart : 5.
14:41 of 2nd period - Dmitry Voronkov wins face-off versus Ryan Suzuki in neutral zone.
14:50 of 2nd period - Wrist shot by Dmitry Voronkov.
14:50 of 2nd period - Shot Blocked by Ethen Frank.
14:52 of 2nd period - Snap shot by Mikhail Maltsev.
14:52 of 2nd period - Shot Misses the Net.
15:11 of 2nd period - Snap shot by Mavrik Bourque.
15:11 of 2nd period - Stopped by Arvid Soderblom without a rebound.
15:12 of 2nd period - Mavrik Bourque wins face-off versus Akil Thomas in Quebec Rempart zone.
16:24 of 2nd period - Slapshot by Tyler Sikura.
16:24 of 2nd period - Goal by Tyler Sikura - Lake Erie Monsters : 4 - Quebec Rempart : 5.
16:25 of 2nd period - Ryan Suzuki wins face-off versus Dmitry Voronkov in neutral zone.
16:28 of 2nd period - Slapshot by Joe Hicketts.
16:28 of 2nd period - Shot Misses the Net.
16:49 of 2nd period - Mavrik Bourque is hit by Will Cuylle and loses puck.
16:56 of 2nd period - Wrist shot by Mavrik Bourque.
16:56 of 2nd period - Deflect By Will Bitten.
16:56 of 2nd period - Stopped by Arvid Soderblom with a rebound.
16:58 of 2nd period - Backhand shot by Will Bitten.
16:58 of 2nd period - Stopped by Arvid Soderblom with a rebound.
17:00 of 2nd period - Slapshot by Turner Elson.
17:00 of 2nd period - Deflect By Will Bitten.
17:00 of 2nd period - Shot Misses the Net.
17:00 of 2nd period - Puck is out of play.
17:01 of 2nd period - Ryan Suzuki wins face-off versus Dmitry Voronkov in Quebec Rempart zone.
17:16 of 2nd period - Snap shot by Ethen Frank.
17:16 of 2nd period - Stopped by Arvid Soderblom with a rebound.
18:13 of 2nd period - Snap shot by Martin Pospisil.
18:13 of 2nd period - Stopped by Daniil Tarasov without a rebound.
18:14 of 2nd period - Henri Nikkanen wins face-off versus Dmitry Voronkov in Lake Erie Monsters zone.
18:14 of 2nd period - Henri Nikkanen is hit by Dmitry Voronkov.
18:26 of 2nd period - Wrist shot by Henri Nikkanen.
18:26 of 2nd period - Stopped by Arvid Soderblom with a rebound.
18:49 of 2nd period - Off-side.
18:50 of 2nd period - Akil Thomas wins face-off versus Mavrik Bourque in neutral zone.
19:04 of 2nd period - Snap shot by Will Cuylle.
19:04 of 2nd period - Shot Misses the Net.
19:06 of 2nd period - Wrist shot by Helge Grans.
19:06 of 2nd period - Deflect By Will Cuylle.
19:06 of 2nd period - Shot Misses the Net.
19:06 of 2nd period - Puck is out of play.
19:07 of 2nd period - Mikhail Maltsev wins face-off versus Ryan Suzuki in Lake Erie Monsters zone.
19:08 of 2nd period - Snap shot by Dmitry Voronkov.
19:08 of 2nd period - Stopped by Daniil Tarasov with a rebound.
19:18 of 2nd period - Slapshot by Tyler Tucker.
19:18 of 2nd period - Stopped by Arvid Soderblom with a rebound.
19:20 of 2nd period - Slapshot by Tyler Tucker.
19:20 of 2nd period - Shot Misses the Net.
19:22 of 2nd period - Slapshot by Tyler Tucker.
19:22 of 2nd period - Shot Misses the Net.
19:32 of 2nd period - Tyler Tucker is hit by Helge Grans and loses puck.
19:38 of 2nd period - Justin Brazeau and Will Bitten fight to a draw.
19:38 of 2nd period - Penalty to Justin Brazeau for Fighting.
19:38 of 2nd period - Penalty to Will Bitten for Fighting.
19:39 of 2nd period - Ryan Suzuki wins face-off versus Dmitry Voronkov in Lake Erie Monsters zone.
19:39 of 2nd period - Ethen Frank is hit by Brayden Pachal and loses puck.
Goals for this period are 4 for Lake Erie Monsters vs 3 for Quebec Rempart.
Shots for this period are 18 for Lake Erie Monsters vs 15 for Quebec Rempart.

3rd period


0:01 of 3rd period - Akil Thomas wins face-off versus Ryan Suzuki in neutral zone.
0:14 of 3rd period - Wrist shot by Jansen Harkins.
0:14 of 3rd period - Stopped by Daniil Tarasov with a rebound.
0:16 of 3rd period - Slapshot by Brayden Pachal.
0:16 of 3rd period - Shot Misses the Net.
1:11 of 3rd period - Snap shot by Henri Nikkanen.
1:11 of 3rd period - Shot Misses the Net.
1:45 of 3rd period - Snap shot by Ryan Suzuki.
1:45 of 3rd period - Stopped by Arvid Soderblom with a rebound.
1:49 of 3rd period - Snap shot by Ryan Suzuki.
1:49 of 3rd period - Shot Misses the Net.
2:01 of 3rd period - Slapshot by Oskar Steen.
2:01 of 3rd period - Stopped by Arvid Soderblom with a rebound.
2:07 of 3rd period - Wrist shot by Will Cuylle.
2:07 of 3rd period - Stopped by Daniil Tarasov with a rebound.
2:21 of 3rd period - Slapshot by Jansen Harkins.
2:21 of 3rd period - Stopped by Daniil Tarasov without a rebound.
2:22 of 3rd period - Xavier Parent wins face-off versus Henri Nikkanen in Lake Erie Monsters zone.
2:48 of 3rd period - Ryan Suzuki is hit by Akil Thomas.
3:14 of 3rd period - Tyler Tucker is hit by Dmitry Voronkov and loses puck.
3:33 of 3rd period - Backhand shot by Markus Nurmi.
3:33 of 3rd period - Stopped by Daniil Tarasov with a rebound.
3:43 of 3rd period - Wrist shot by Will Cuylle.
3:43 of 3rd period - Stopped by Daniil Tarasov with a rebound.
3:45 of 3rd period - Wrist shot by Simon Johansson.
3:45 of 3rd period - Shot Blocked by Oskar Steen.
3:47 of 3rd period - Slapshot by Simon Johansson.
3:47 of 3rd period - Shot Misses the Net.
4:05 of 3rd period - Snap shot by Kyle Clifford.
4:05 of 3rd period - Stopped by Daniil Tarasov without a rebound.
4:06 of 3rd period - Ryan Suzuki wins face-off versus Martin Pospisil in Lake Erie Monsters zone.
4:11 of 3rd period - Brayden Pachal is hit by Ryan Suzuki and loses puck.
4:32 of 3rd period - Brayden Pachal is hit by Mavrik Bourque and loses puck.
4:42 of 3rd period - Off-side.
4:43 of 3rd period - Ryan Suzuki wins face-off versus Dmitry Voronkov in neutral zone.
4:58 of 3rd period - Alexey Toropchenko is hit by Ryan Suzuki and loses puck.
5:31 of 3rd period - Wrist shot by Kyle Rau.
5:31 of 3rd period - Stopped by Arvid Soderblom with a rebound.
5:33 of 3rd period - Slapshot by Thomas Harley.
5:33 of 3rd period - Deflect By Oskar Steen.
5:33 of 3rd period - Shot Misses the Net.
5:33 of 3rd period - Puck is out of play.
5:34 of 3rd period - Xavier Parent wins face-off versus Oskar Steen in Quebec Rempart zone.
6:23 of 3rd period - Wrist shot by Mavrik Bourque.
6:23 of 3rd period - Stopped by Arvid Soderblom with a rebound.
6:25 of 3rd period - Slapshot by Mavrik Bourque.
6:25 of 3rd period - Shot Misses the Net.
6:27 of 3rd period - Slapshot by Will Bitten.
6:27 of 3rd period - Deflect By Mavrik Bourque.
6:27 of 3rd period - Stopped by Arvid Soderblom without a rebound.
6:28 of 3rd period - Dmitry Voronkov wins face-off versus Mavrik Bourque in Quebec Rempart zone.
6:33 of 3rd period - Snap shot by Turner Elson.
6:33 of 3rd period - Shot Blocked by Dmitry Voronkov.
7:04 of 3rd period - Wrist shot by Gabriel Dumont.
7:04 of 3rd period - Stopped by Arvid Soderblom without a rebound.
7:05 of 3rd period - Akil Thomas wins face-off versus Ethen Frank in Quebec Rempart zone.
7:12 of 3rd period - Slapshot by Brayden Pachal.
7:12 of 3rd period - Deflect By Will Cuylle.
7:12 of 3rd period - Stopped by Daniil Tarasov with a rebound.
7:14 of 3rd period - Snap shot by Justin Brazeau.
7:14 of 3rd period - Stopped by Daniil Tarasov with a rebound.
7:16 of 3rd period - Wrist shot by Justin Brazeau.
7:16 of 3rd period - Stopped by Daniil Tarasov without a rebound.
7:17 of 3rd period - Dmitry Voronkov wins face-off versus Ryan Suzuki in Lake Erie Monsters zone.
7:42 of 3rd period - Will Cuylle is hit by Jimmy Schuldt and loses puck.
8:03 of 3rd period - Wrist shot by Kyle Clifford.
8:03 of 3rd period - Stopped by Daniil Tarasov with a rebound.
8:05 of 3rd period - Snap shot by Brad Lambert.
8:05 of 3rd period - Stopped by Daniil Tarasov with a rebound.
8:27 of 3rd period - Snap shot by Jansen Harkins.
8:27 of 3rd period - Shot Blocked by Tyler Sikura.
8:29 of 3rd period - Wrist shot by Xavier Parent.
8:29 of 3rd period - Deflect By Markus Nurmi.
8:29 of 3rd period - Shot Misses the Net.
8:29 of 3rd period - Puck is out of play.
8:30 of 3rd period - Ryan Suzuki wins face-off versus Dmitry Voronkov in Lake Erie Monsters zone.
8:40 of 3rd period - Icing by Thomas Harley.
8:41 of 3rd period - Ryan Suzuki wins face-off versus Dmitry Voronkov in Lake Erie Monsters zone.
8:41 of 3rd period - Ryan Suzuki is hit by Brayden Pachal.
8:56 of 3rd period - Wrist shot by Ryan Suzuki.
8:56 of 3rd period - Shot Misses the Net.
8:58 of 3rd period - Wrist shot by Thomas Harley.
8:58 of 3rd period - Stopped by Arvid Soderblom with a rebound.
9:00 of 3rd period - Slapshot by Gabriel Dumont.
9:00 of 3rd period - Shot Misses the Net.
9:02 of 3rd period - Snap shot by Ryan Suzuki.
9:02 of 3rd period - Stopped by Arvid Soderblom without a rebound.
9:03 of 3rd period - Akil Thomas wins face-off versus Mavrik Bourque in Quebec Rempart zone.
9:03 of 3rd period - Akil Thomas is hit by Mavrik Bourque.
9:38 of 3rd period - Slapshot by Oskar Steen.
9:38 of 3rd period - Shot Blocked by Peetro Seppala.
9:57 of 3rd period - Snap shot by Ethen Frank.
9:57 of 3rd period - Shot Blocked by Markus Nurmi.
9:59 of 3rd period - Wrist shot by Ethen Frank.
9:59 of 3rd period - Shot Misses the Net.
10:01 of 3rd period - Slapshot by Joe Hicketts.
10:01 of 3rd period - Stopped by Arvid Soderblom without a rebound.
10:02 of 3rd period - Akil Thomas wins face-off versus Mavrik Bourque in Quebec Rempart zone.
10:13 of 3rd period - Wrist shot by Will Bitten.
10:13 of 3rd period - Shot Misses the Net.
10:15 of 3rd period - Slapshot by Turner Elson.
10:15 of 3rd period - Deflect By Will Bitten.
10:15 of 3rd period - Stopped by Arvid Soderblom with a rebound.
10:17 of 3rd period - Snap shot by Will Bitten.
10:17 of 3rd period - Shot Blocked by Will Cuylle.
10:27 of 3rd period - Thomas Harley is hit by Mikhail Maltsev and loses puck.
10:53 of 3rd period - Icing by Oskar Steen.
10:54 of 3rd period - Oskar Steen wins face-off versus Jansen Harkins in Lake Erie Monsters zone.
11:01 of 3rd period - Simon Johansson is hit by Tyler Tucker and loses puck.
11:20 of 3rd period - Oskar Steen is hit by Peetro Seppala and loses puck.
11:32 of 3rd period - Icing by Markus Nurmi.
11:33 of 3rd period - Xavier Parent wins face-off versus Ryan Suzuki in Quebec Rempart zone.
12:01 of 3rd period - Snap shot by Dmitry Voronkov.
12:01 of 3rd period - Goal by Dmitry Voronkov - Lake Erie Monsters : 4 - Quebec Rempart : 6.
12:02 of 3rd period - Mikhail Maltsev wins face-off versus Ryan Suzuki in neutral zone.
12:08 of 3rd period - Off-side.
12:09 of 3rd period - Dmitry Voronkov wins face-off versus Ryan Suzuki in neutral zone.
13:15 of 3rd period - Snap shot by Brayden Pachal.
13:15 of 3rd period - Shot Misses the Net.
13:23 of 3rd period - Brayden Pachal is hit by Henri Nikkanen and loses puck.
14:08 of 3rd period - Tyler Tucker beats up Akil Thomas.
14:08 of 3rd period - Penalty to Akil Thomas for Fighting.
14:08 of 3rd period - Penalty to Tyler Tucker for Fighting.
14:08 of 3rd period - Penalty to Tyler Tucker for instigated a fight.
14:08 of 3rd period - Penalty to Tyler Tucker for instigated a fight.
14:09 of 3rd period - Henri Nikkanen wins face-off versus Dmitry Voronkov in neutral zone.
14:18 of 3rd period - Henri Nikkanen is hit by Simon Johansson and loses puck.
14:50 of 3rd period - Ryan Suzuki is hit by Brayden Pachal and loses puck.
15:32 of 3rd period - Icing by Justin Brazeau.
15:33 of 3rd period - Jansen Harkins wins face-off versus Henri Nikkanen in Quebec Rempart zone.
15:59 of 3rd period - Alexey Toropchenko is hit by Jimmy Schuldt and loses puck.
16:08 of 3rd period - Penalty to Tyler Tucker is over, Oskar Steen is send on ice.
16:20 of 3rd period - Icing by Alexey Toropchenko.
16:21 of 3rd period - Alexey Toropchenko wins face-off versus Ryan Suzuki in Quebec Rempart zone.
16:21 of 3rd period - Alexey Toropchenko is hit by Ethen Frank.
16:26 of 3rd period - Off-side.
16:27 of 3rd period - Ryan Suzuki wins face-off versus Xavier Parent in neutral zone.
17:00 of 3rd period - Slapshot by Jimmy Schuldt.
17:00 of 3rd period - Stopped by Arvid Soderblom with a rebound.
17:42 of 3rd period - Justin Brazeau is hit by Ethen Frank.
18:12 of 3rd period - Wrist shot by Kyle Rau.
18:12 of 3rd period - Shot Blocked by Jansen Harkins.
18:14 of 3rd period - Snap shot by Oskar Steen.
18:14 of 3rd period - Stopped by Arvid Soderblom with a rebound.
18:28 of 3rd period - Gabriel Dumont is hit by Alexey Toropchenko and loses puck.
Goals for this period are 0 for Lake Erie Monsters vs 1 for Quebec Rempart.
Shots for this period are 12 for Lake Erie Monsters vs 12 for Quebec Rempart.




Output by the SimonT Hockey Simulator (STHS) for Eric Tremblay - Original Page W3C HTML5 Valid
Hockey Simulator - Hockey Simulation - Hockey Manager